 Dungeon Crawl Stone Soup version 0.32-a0-699-g1ee5eff69a (webtiles) character file.

Game seed: 14807645602527422511

553 hikkokomori the Covered (level 7, -1/61 HPs)
             Began as a Mountain Dwarf Fighter on Mar 14, 2024.
             Killed by nerve-wracking pain
             ... invoked by Menkaure
              (7 damage)
             ... on level 4 of the Dungeon.
             The game lasted 00:07:08 (2181 turns).

hikkokomori the Covered (Mountain Dwarf Fighter)    Turns: 2181, Time: 00:07:09

Health: -1/61      AC: 18    Str: 18    XL:     7   Next: 8%
Magic:  7/7        EV:  4    Int: 11    God:
Gold:   141        SH:  4    Dex:  9    Spells: 6/6 levels left

rFire   . . .        a - +0 war axe
rCold   . . .        c - +0 buckler
rNeg    . . .        h - +0 plate armour
rPois   .            (no helmet)
rElec   .            (no cloak)
rCorr   .            t - +0 pair of gloves
SInv    +            o - +0 pair of boots
Will    .....        (no amulet) Stlth
                     l - ring of see invisible
HPRegen 0.30/turn    f - +4 ring of protection
MPRegen 0.10/turn

%: no passive effects
@: no status effects
A: runic magic, artefact enchanting
a: no special abilities


You were on level 4 of the Dungeon.
You visited 1 branch of the dungeon, and saw 4 of its levels.

You collected 141 gold pieces.

Inventory:

Hand Weapons
 a - a +0 war axe (weapon)
 v - a +1 flail of holy wrath
Armour
 b - a +0 scale mail
 c - a +0 buckler (worn)
 h - a +0 plate armour (worn)
 k - a +0 ring mail
 o - a +0 pair of boots (worn)
 t - a +0 pair of gloves (worn)
Jewellery
 e - a +6 ring of dexterity
 f - a +4 ring of protection (right hand)
 l - a ring of see invisible (left hand)
 m - a ring of flight
 u - an amulet of faith
Wands
 y - a wand of flame (6)
Scrolls
 g - a scroll of amnesia
 i - a scroll of noise {unknown}
 n - a scroll of immolation {unknown}
 q - a scroll of enchant weapon {unknown}
 r - 2 scrolls of poison
 w - a scroll of fog {unknown}
 x - a scroll of fear {unknown}
Potions
 j - a potion of curing
 s - a potion of haste {unknown}


   Skills:
 + Level 5.3 Fighting
 + Level 5.1 Axes
 + Level 5.3 Armour
 - Level 5.0 Shields
 + Level 0.2 Spellcasting


You had 6 spell levels left.
You didn't know any spells.
Your spell library contained the following spells:

 Spells                   Type           Power      Damage    Failure   Level
 Magic Dart               Conj           0%         1d3       71%         1
 Sting                    Conj/Alch      0%         1d3       71%         1
 Mercury Vapours          Alch/Air       0%         N/A       85%         2
 Searing Ray              Conj           0%         2d4       85%         2
 Fulminant Prism          Conj/Alch      0%         3d5       100%        4
 Olgreb's Toxic Radiance  Alch           0%         N/A       100%        4


Dungeon Overview and Level Annotations

Branches:
Dungeon (4/15)             Temple (0/1) D:4

Altars:
Cheibriados
Nemelex Xobeh

Annotations:
D:4 Menkaure


Innate Abilities, Weirdness & Mutations

Your spellcasting is much less encumbered by armour.
You can use scrolls of enchantment on lesser artefacts.


Message History

Press: ? - help, v - describe, . - travel
Here: Menkaure (moderately damaged, fast)
The floor.
The air fills with toxic fumes!
As you read the scroll labelled KIAS NAGUROU, it crumbles to dust.
It was a scroll of poison.
You feel yourself speed up. Menkaure hits you!
* * * LOW HITPOINT WARNING * * *
Okay, then.
Press: ? - help, v - describe, . - travel
Here: Menkaure (moderately damaged, fast)
The floor.
It was a potion of heal wounds.
You feel much better. Menkaure hits you but does no damage.
You block Menkaure's attack.
Blink to where?
Press: ? - help, Dir - move target
As you read the scroll labelled FEEL SUWKO, it crumbles to dust.
It was a scroll of blinking.
You are engulfed in poison gas.
You are poisoned.
You feel very sick.
You feel very sick.
You feel very sick.
You feel sick.
You feel sick.
You feel sick.
You feel sick.
You feel sick.
You feel sick.
You feel sick.
You feel sick.
You are no longer poisoned.
Menkaure casts a spell at you. Pain shoots through your body!
* * * LOW HITPOINT WARNING * * *
As you read the scroll labelled PEPIGI TEICRE, it crumbles to dust.
You feel aware of your surroundings.
You sensed 7 altars, and 1 shop/portal.
It was a scroll of revelation.
Menkaure casts a spell at you. Pain shoots through your body!
You die...

#...........M..#*,,,,,**,*,,,
#..##.###########...,,**.#,,,
*#............###...,,*#.#,,,
###########.####...,,*#.#***
#######M#######+###.# *
#######.#######,#<#.# *
#######.#######,#.#.# *
#######.#######.#.#.####
#######@#######.........
#######.#########.#.####
#######.#.......#.#....#
#######.#.#####.#.#†...#
#######.#.#............#
#######.#.#.###.#.#.##.#
#######.#.#...#.#.#..#.#
#######.#.###.#.#.#....#
#.........#.######


You could see Menkaure (fast).

Vanquished Creatures
  Grinder (D:3)
  Sigmund (D:3)
  A bombardier beetle (D:3)
  An orc priest (D:3)
  Natasha (D:4)
  3 gnolls (D:2)
  4 adders
  A dart slug (D:1)
  3 ribbon worms
  6 orcs
  10 endoplasms
  2 giant cockroaches
  4 goblins
  4 hobgoblins
  9 jackals
  A quokka (D:2)
  2 ball pythons (D:3)
  7 bats
  4 frilled lizards
  5 kobolds
  5 rats
75 creatures vanquished.

Notes
Turn   | Place    | Note
-------+----------+-------------------------------------------
     0 | D:1      | hikkokomori the Mountain Dwarf Fighter began the quest for
                  | the Orb.
     0 | D:1      | Reached XP level 1. HP: 19/19 MP: 1/1
   125 | D:1      | Reached XP level 2. HP: 23/26 MP: 2/2
   162 | D:1      | Found a faded altar of an unknown god.
   716 | D:2      | Reached XP level 3. HP: 31/33 MP: 3/3
   894 | D:2      | Reached XP level 4. HP: 40/40 MP: 4/4
  1097 | D:3      | Noticed Grinder
  1103 | D:3      | Noticed Sigmund
  1126 | D:3      | Killed Sigmund
  1127 | D:3      | Reached XP level 5. HP: 32/47 MP: 5/5
  1139 | D:3      | Killed Grinder
  1140 | D:3      | Reached skill level 5 in Fighting
  1140 | D:3      | Reached skill level 5 in Armour
  1140 | D:3      | Reached skill level 5 in Shields
  1140 | D:3      | Reached XP level 6. HP: 19/56 MP: 6/6
  1418 | D:3      | Found a snail-covered altar of Cheibriados.
  1544 | D:3      | Reached skill level 5 in Axes
  1709 | D:3      | Found a sparkling altar of Nemelex Xobeh.
  1955 | D:3      | Reached XP level 7. HP: 61/61 MP: 7/7
  2155 | D:4      | Noticed Natasha
  2156 | D:4      | Noticed Menkaure
  2161 | D:4      | Killed Natasha
  2181 | D:4      | Killed from afar by Menkaure

Illustrated notes

Levels and vault maps discovered:
D:1:      lightli_arrival_statuegarden, layout_basic,
          hellmonk_ecumenical_altar_run_dry, serial_bayou_pond_a
D:2:      layout_rooms
D:3:      layout_loops_ring, slow_altar_1, nemelex_dance_club_becter,
          nicolae_underground_beach, uniq_grinder, uniq_sigmund
D:4:      layout_basic, grunt_temple_overflow_forces_of_nature,
          good_gods_mini_temple, nicolae_sif_muna_little_library,
          mainiacjoe_overflow_tiny_flanked, minmay_temple_entry_overgrown,
          minmay_misc_feat_rows, kennysheep_flooded_box, nicolae_tricolors,
          uniq_menkaure, uniq_natasha

Skill      XL: |  1  2  3  4  5  6 |
---------------+-------------------+-----
Axes           | 3 4 5 |  5.1
Armour         | 4 5 |  5.3
Fighting       | 4 5 |  5.3
Shields        | 4 5 |  5.0
Spellcasting   | |  0.2

Action                     |  1- 3 |  4- 6 |  7- 9 || total
---------------------------+-------+-------+-------++-------
  Melee: War axe           |    82 |   104 |    22 ||   208
    Use: Potion            |       |     2 |     1 ||     3
         Scroll            |       |     1 |     3 ||     4
 Armour: Scale mail        |    33 |       |       ||    33
         Plate armour      |    43 |    82 |    15 ||   140
  Dodge: Dodged            |    22 |    24 |     8 ||    54
  Block: Buckler           |    19 |    27 |     7 ||    53

Table legend: (Time is in decaauts)
 A = Elapsed time spent in this place.
 B = Non-inter-level travel time spent in this place.
 C = Inter-level travel time spent in this place.
 D = Time resting spent in this place.
 E = Time spent auto-exploring this place.
 F = Levels seen in this place.
 G = Mean time per level.
                   A        B        C        D        E       F      G
               +--------+--------+--------+--------+--------+-----+--------+
         Total |   2258 |   2157 |    101 |     31 |   1535 |   4 |  564.5 |
       Dungeon |   2258 |   2157 |    101 |     31 |   1535 |   4 |  564.5 |
               +--------+--------+--------+--------+--------+-----+--------+

Top non-repeatable levels by time:
     D:3: 1075 daAuts
     D:2: 583 daAuts
     D:1: 446 daAuts
     D:4: 153 daAuts
